 Dungeon Crawl Stone Soup version 0.25.0-46-gbd7b0854d2 (console) character file.

Game seed: 16646214734821981281

61 Colgate the Vandal (level 4, -2/49 HPs)
             Began as a Formicid Hunter on July 13, 2020.
             Slain by Crazy Yiuf
             ... wielding a +2 quarterstaff of chaos
              (3 damage)
             ... on level 2 of the Dungeon.
             The game lasted 00:15:38 (1133 turns).

Colgate the Vandal (Formicid Hunter)                Turns: 1133, Time: 00:15:38

Health: -2/49      AC: 22    Str: 18    XL:     4   Next: 27%
Magic:  3/4        EV:  2    Int: 10    God:
Gold:   69         SH:  7    Dex: 11    Spells: 3/3 levels left

rFire    . . .     SeeInvis .   a - +1 hunting sling
rCold    . . .     Gourm    .   n - +0 kite shield
rNeg     + + +     Faith    .   (armour currently unavailable)
rPois    +         Spirit   .   (helmet unavailable)
rElec    .         Reflect  .   (cloak currently unavailable)
rCorr    .         Harm     .   (gloves currently unavailable)
MR       .....                  (boots currently unavailable)
Stlth    +.........             e - amulet of magic regeneration
HPRegen  0.16/turn              (no ring)
MPRegen  0.34/turn              (no ring)

@: lethally poisoned (-2 -> -5), tree-form, lightly drained
A: permanent stasis, dig shafts and tunnels, four strong arms
a: no special abilities


You were on level 2 of the Dungeon.
You were not hungry.
You were a tree.
You visited 1 branch of the dungeon, and saw 2 of its levels.

You collected 69 gold pieces.

Inventory:

Hand Weapons
 a - a +1 hunting sling (weapon)
 b - a +0 short sword
 i - a +0 hand axe
 k - a +0 spear
 o - a +2 dagger of electrocution
Missiles
 d - 3 sling bullets (quivered)
 m - 23 bolts
 t - 39 stones
 v - 5 javelins
Armour
 c - a +0 leather armour
 h - a +0 robe
 n - a +0 kite shield (worn)
 p - a +0 ring mail (melded)
Jewellery
 e - an amulet of magic regeneration (around neck)
 j - an uncursed amulet of faith
Scrolls
 l - 5 scrolls of identify {unknown}
 r - 3 scrolls of remove curse {unknown}
Potions
 q - a potion of curing {unknown}
 s - a potion of lignification
 u - 2 potions of might {unknown}
Comestibles
 f - a ration
 g - 5 chunks of flesh


   Skills:
 - Level 2.1(1.9) Fighting
 + Level 6.1(5.8) Slings
 - Level 1.7(1.5) Dodging
 - Level 1.2(1.0) Stealth


You had 3 spell levels left.
You didn't know any spells.
Your spell library was empty.

Dungeon Overview and Level Annotations

Branches:
Dungeon (2/15)

Altars:

Annotations:
D:2 Crazy Yiuf


Innate Abilities, Weirdness & Mutations

You cannot be hasted, slowed, berserked, paralysed or teleported.
You can dig through walls and to a lower floor.
Your four strong arms can wield two-handed weapons with a shield.
((You have a pair of large antennae on your head. (SInv)))


Message History

Press: ? - help, Shift-Dir - straight line, f/p - Crazy Yiuf
Aim: Crazy Yiuf, wielding a +2 quarterstaff of chaos and wearing a +0 cloak (lightly wounded)
You shoot a sling bullet.
The sling bullet closely misses Crazy Yiuf.
Crazy Yiuf hits you with a +2 quarterstaff of chaos.
* * * LOW HITPOINT WARNING * * *
You are lethally poisoned!
Firing (i - inventory. (/) - cycle)
d - 4 sling bullets (quivered)
Press: ? - help, Shift-Dir - straight line, f/p - Crazy Yiuf
Aim: Crazy Yiuf, wielding a +2 quarterstaff of chaos and wearing a +0 cloak (lightly wounded)
You shoot a sling bullet. The sling bullet hits Crazy Yiuf.
Crazy Yiuf is heavily wounded.
* * * LOW HITPOINT WARNING * * *
You feel sick. Crazy Yiuf hits you but does no damage.
You feel drained.
Okay, then.
It was a potion of lignification.
You turn into a tree.
Your +0 ring mail melds into your body.
Your roots penetrate the ground.
* * * LOW HITPOINT WARNING * * *
You feel sick.
Crazy Yiuf hits you with a +2 quarterstaff of chaos.
You die...

##### #.()# #...#
... #g# ♣♣♣♣ ♣.♣♣
#.# ♣♣.♣ ##### #.#
♣.♣♣ #...# #.# ♣♣.♣♣
#...# #.# ♣...♣
#...# #.# ♣...♣♣
#...###.# #....#
#.....#.#
#....####÷..#.#.####
#.........#.........
#
#.#...###...#.#.####


You could see Crazy Yiuf.

Vanquished Creatures
  5 dart slugs (D:1)
  2 leopard geckos
  5 bats
  2 giant cockroaches (D:1)
  7 goblins
  9 hobgoblins (D:1)
  3 jackals (D:1)
  3 frilled lizards
  5 kobolds
  4 rats
45 creatures vanquished.

Notes
Turn   | Place    | Note
-------+----------+-------------------------------------------
     0 | D:1      | Colgate the Formicid Hunter began the quest for the Orb.
     0 | D:1      | Reached XP level 1. HP: 16/16 MP: 1/1
    41 | D:1      | Reached XP level 2. HP: 22/22 MP: 2/2
    50 | D:1      | Reached skill level 5 in Slings
   219 | D:1      | Reached XP level 3. HP: 23/27 MP: 3/3
   627 | D:1      | Reached XP level 4. HP: 33/33 MP: 4/4
   896 | D:2      | Reached skill level 6 in Slings
  1124 | D:2      | Found a runed translucent door.
  1125 | D:2      | Noticed Crazy Yiuf
  1132 | D:2      | HP: 1/33 [poisoned by Crazy Yiuf]
  1133 | D:2      | Slain by Crazy Yiuf

Illustrated notes

Levels and vault maps discovered:
D:1:      dpeg_arrival_lava_temple_mockup, layout_basic, minmay_domino_4
D:2:      layout_basic, minmay_pentomino_pile, uniq_crazy_yiuf_cottage

Skill      XL: |  1  2  3  4 |
---------------+-------------+-----
Slings         | 5 6 |  6.1
Fighting       | |  2.1
Dodging        | |  1.7
Stealth        | |  1.2

Action                   |  1- 3 |  4- 6 || total
-------------------------+-------+-------++-------
Melee: Short sword       |     8 |       ||     8
       Hand axe          |    13 |       ||    13
       Spear             |     3 |       ||     3
 Fire: Hunting sling     |    68 |    25 ||    93
 Abil: Dig               |     3 |     6 ||     9
  Use: Potion            |       |     1 ||     1
  Eat: Chunk             |       |     2 ||     2
Armor: Leather armour    |     4 |       ||     4
       Ring mail         |       |     3 ||     3
Dodge: Dodged            |    14 |     1 ||    15
Block: Kite shield       |       |     2 ||     2
